 Dungeon Crawl Stone Soup version 0.31-a0-267-g3fc6992b3b (webtiles) character file.

Game seed: 1629017285335906817

823 Conn the Firebug (level 7, 0/43 HPs)
             Began as an Octopode Fire Elementalist on July 14, 2023.
             Blown up by Pikel (9 damage)
             ... with a mindburst bolt
             ... on level 6 of the Dungeon.
             The game lasted 00:12:25 (4464 turns).

Conn the Firebug (Octopode Fire Elementalist)       Turns: 4464, Time: 00:12:26

Health: 0/43       AC:  1    Str:  7    XL:     7   Next: 96%
Magic:  0/13       EV: 13    Int: 19    God:
Gold:   141        SH:  0    Dex: 13    Spells: 6/14 levels left

rFire   . . .        g - staff of conjuration
rCold   . . .        (no shield)
rNeg    . . .        (helmet restricted)
rPois   .            (no amulet)
rElec   .            l - ring of resist corrosion
rCorr   +            (no ring)
SInv    .            (no ring)
Will    .....        (no ring)
Stlth   ++++         (no ring)
HPRegen 0.27/turn    (no ring)
MPRegen 0.13/turn    (no ring)
                     (no ring)

%: no passive effects
@: no status effects
A: almost no armour, amphibious, 8 rings, camouflage 1, gelatinous body 1,
(nimble swimmer 1), tentacles
a: no special abilities


You were on level 6 of the Dungeon.
You visited 1 branch of the dungeon, and saw 6 of its levels.

You collected 141 gold pieces.

Inventory:

Hand Weapons
 a - a +1 dagger
 b - a +2 sling of freezing
Missiles
 e - 7 poisoned darts
Magical Staves
 g - a staff of conjuration (weapon)
Jewellery
 l - a ring of resist corrosion (left tentacle)
Talismans
 j - a beast talisman
 k - a blade talisman
Scrolls
 f - a scroll of amnesia
 i - a scroll of teleportation
 p - a scroll of enchant armour {unknown}
Potions
 d - 5 potions of enlightenment
 m - a potion of brilliance
 n - a potion of attraction
 o - a potion of lignification {unknown}
 q - a potion of haste {unknown}
 r - a potion of degeneration {unknown}


   Skills:
 + Level 1.2 Fighting
 + Level 0.4 Short Blades
 + Level 2.7 Dodging
 + Level 5.1 Stealth
 + Level 0.1 Unarmed Combat
 + Level 4.4 Spellcasting
 + Level 2.8 Conjurations
 + Level 0.2 Hexes
 * Level 2.9 Translocations
 + Level 5.2 Fire Magic


You had 6 spell levels left.
You knew the following spells:

 Your Spells              Type           Power      Damage    Failure   Level
a - Foxfire               Conj/Fire      100%       2x1d9     2%          1
b - Scorch                Fire           48%        2d7       2%          2
c - Inner Flame           Hex/Fire       14%        N/A       13%         3
d - Blink                 Tloc           30%        N/A       6%          2

Your spell library contained the following spells:

 Spells                   Type           Power      Damage    Failure   Level
 Lesser Beckoning         Tloc           30%        N/A       6%          2
 Momentum Strike          Conj/Tloc      44%        3d9       6%          2
 Volatile Blastmotes      Fire/Tloc      38%        2d13      8%          3
 Flame Wave               Conj/Fire      29%        2d9       26%         4
 Ozocubu's Armour         Ice            4%         N/A       36%         3
 Ozocubu's Refrigeration  Ice            2%         4d7       100%        7


Dungeon Overview and Level Annotations

Branches:
Dungeon (6/15)
 Temple: D:4-7

Altars:

Annotations:
D:4 Edmund, Ijyb
D:5 Prince Ribbit
D:6 Pikel


Innate Abilities, Weirdness & Mutations

You cannot wear most types of armour.
You are amphibious.
You can wear up to eight rings at the same time.
Your skin changes colour to match your surroundings (Stealth+).
Your rubbery body absorbs attacks. (AC +1, EV +1)
((You are camouflaged when in or above water. (Stealth+)))
You have tentacles for arms and can constrict up to eight enemies at once.


Message History

The lemure explodes!
The fiery explosion engulfs the lemure!
The lemure is heavily wounded.
The fiery explosion engulfs the lemure!!
The lemure is almost dead.
The fiery explosion engulfs the lemure!!!
The lemure is burned terribly!
You kill the lemure!
That felt strangely unrewarding.
The fiery explosion engulfs the centaur!!
The centaur is severely wounded.
The fiery explosion engulfs Pikel.
Pikel is moderately wounded.
The lemure is engulfed in blazing flames.
You kill the lemure!
That felt strangely unrewarding.
Pikel is engulfed in blazing flames.
Unknown command.
Unknown command.
Unknown command.
Unknown command.
Unknown command.
Unknown command.
Unknown command.
Unknown command.
Okay, then.
As you read the scroll of fear, it crumbles to dust.
You assume a fearsome visage.
Pikel looks frightened!
The lemure looks frightened!
The centaur looks frightened!
Pikel is engulfed in blazing flames.
Casting: Scorch (safe; 2% risk of failure)
Confirm with . or Enter, or press ? or * to list all spells.
You feel a surge of power!
You conjure some foxfire!
The centaur is engulfed in blazing flames.
You kill the centaur!
Pikel is engulfed in blazing flames.
The foxfire hits Pikel.
Pikel is almost dead.
Your attack snaps Pikel out of his fear.
Pikel zaps a wand.
Your mind is blasted!
You die...

##..#### .5....
...... ..K.
#.§§ §§# #§#
##. ##@# ##..
###.v## ....
###.....#
....###....####
#.......##
##.....## ###
##...## ##.####
##.## ##.....##
#..#
##...#...##


You could see Pikel (ally target) and a lemure (fleeing).

Vanquished Creatures
  An ogre (D:5)
  3 lemures (D:6)
  2 centaurs
  A phantom (D:4)
  A scorpion (D:5)
  3 hounds
  2 orc priests
  Natasha (twice) (D:3)
  2 orc wizards
  Robin (D:4)
  4 gnolls
  4 adders
  A shadow imp (D:5)
  A white imp (D:5)
  A worm (D:2)
  4 dart slugs
  7 orcs
  5 ball pythons
  5 bats
  10 endoplasms
  2 giant cockroaches
  10 goblins
  7 hobgoblins
  2 jackals (D:2)
  3 quokkas
  A frilled lizard (D:2)
  4 kobolds
  5 rats
94 creatures vanquished.

Vanquished Creatures (others)
  218 foxfires
218 creatures vanquished.

Grand Total: 312 creatures vanquished

Notes
Turn   | Place    | Note
-------+----------+-------------------------------------------
     0 | D:1      | Conn the Octopode Fire Elementalist began the quest for the
                  | Orb.
     0 | D:1      | Reached XP level 1. HP: 11/11 MP: 3/3
   192 | D:1      | Reached XP level 2. HP: 17/17 MP: 0/5
   331 | D:1      | Reached XP level 3. HP: 19/21 MP: 0/6
   847 | D:1      | Learned a level 2 spell: Scorch
   851 | D:1      | Learned a level 3 spell: Inner Flame
  1397 | D:2      | Found a faded altar of an unknown god.
  1486 | D:2      | Reached XP level 4. HP: 23/27 MP: 1/7
  2489 | D:2      | Reached XP level 5. HP: 28/31 MP: 0/9
  2828 | D:3      | Learned a level 2 spell: Blink
  2913 | D:3      | Noticed Natasha
  2921 | D:3      | Killed Natasha
  3058 | D:3      | Noticed Natasha
  3065 | D:3      | Killed Natasha
  3189 | D:4      | Reached XP level 6. HP: 37/37 MP: 5/10
  3253 | D:4      | Reached skill level 1 in Translocations
  3417 | D:4      | Noticed Ijyb
  3692 | D:4      | Reached skill level 5 in Stealth
  3733 | D:4      | Noticed Edmund
  3745 | D:4      | Noticed Robin
  3792 | D:4      | Killed Robin
  3845 | D:5      | Entered Level 5 of the Dungeon
  3855 | D:5      | Reached XP level 7. HP: 19/42 MP: 5/12
  4197 | D:5      | Noticed Prince Ribbit
  4201 | D:5      | Reached skill level 1 in Fighting
  4323 | D:6      | Reached skill level 5 in Fire Magic
  4453 | D:6      | Noticed Pikel
  4464 | D:6      | Blown up by Pikel

Illustrated notes

Levels and vault maps discovered:
D:1:      psy_arrival_terrarium, layout_basic, st_stairs_1,
          grunt_decor_fettered, kennysheep_another_room
D:2:      layout_basic, hellmonk_ecumenical_altar_pennies_from_heaven,
          chequers_serial_rivers_micro_c
D:3:      layout_rooms, uniq_natasha
D:4:      layout_basic, mainiacjoe_overflow_alcove_4, moated_statue, hex_large,
          minmay_unequal, uniq_robin, uniq_ijyb, uniq_edmund
D:5:      layout_layer_cave, patterned_corridor, uniq_prince_ribbit1,
          uniq_sigmund
D:6:      layout_layer_cave, minmay_temple_entry_mist, grunt_potential,
          uniq_pikel

Skill      XL: |  1  2  3  4  5  6  7 |
---------------+----------------------+-----
Stealth        | 3 4 5 |  5.1
Fire Magic     | 4 5 |  5.2
Spellcasting   | 3 4 |  4.4
Conjurations   | 2 |  2.8
Translocations | 2 |  2.9
Fighting       | 1 |  1.2
Short Blades   | |  0.4
Dodging        | |  2.7
Unarmed Combat | |  0.1
Hexes          | |  0.2

Action                     |  1- 3 |  4- 6 |  7- 9 || total
---------------------------+-------+-------+-------++-------
  Melee: Unarmed           |    15 |       |       ||    15
         Tentacles         |    11 |     9 |       ||    20
         Constrict         |    11 |    11 |       ||    22
         Punch             |     1 |     1 |       ||     2
         Dagger            |    24 |    43 |       ||    67
   Cast: Foxfire           |    28 |    79 |    20 ||   127
         Scorch            |     2 |    16 |    11 ||    29
         Inner Flame       |       |     2 |     4 ||     6
         Blink             |       |     1 |       ||     1
    Use: Potion            |       |     4 |     1 ||     5
         Scroll            |       |     9 |     1 ||    10
   Stab: Sleeping          |     7 |     6 |       ||    13
 Armour: Skin              |     4 |     1 |       ||     5
  Dodge: Dodged            |    26 |    40 |    18 ||    84

Table legend: (Time is in decaauts)
 A = Elapsed time spent in this place.
 B = Non-inter-level travel time spent in this place.
 C = Inter-level travel time spent in this place.
 D = Time resting spent in this place.
 E = Time spent auto-exploring this place.
 F = Levels seen in this place.
 G = Mean time per level.
                   A        B        C        D        E       F      G
               +--------+--------+--------+--------+--------+-----+--------+
         Total |   4474 |   4315 |    159 |    428 |   2777 |   6 |  745.7 |
       Dungeon |   4474 |   4315 |    159 |    428 |   2777 |   6 |  745.7 |
               +--------+--------+--------+--------+--------+-----+--------+

Top non-repeatable levels by time:
     D:2: 1312 daAuts
     D:1: 1207 daAuts
     D:4: 752 daAuts
     D:3: 583 daAuts
     D:5: 382 daAuts
     D:6: 235 daAuts
